Map: Vallée des cactus EC

Players

AgCl - Winner!

  • Race: Protoss Protoss

Ifuncorp

  • Race: Zerg Zerg

VOD

Have the link to the VOD?

Description

Time

  • Played on: May 16, 2015, 6:01 p.m.
  • Length: 9:40
Show
View Real Time Build Order
Export as new Build Order

AgCl Protoss - Winner!

Build Orders: Dark Templar Rush 

Get SALT Encoding   

  12  0:14  Pylon  
  12  0:16  Probe  
  13  0:28  Probe  
  14  0:40  Probe  
  14  0:41  Gateway  
  15  0:52  Probe  
  16  1:01  Assimilator  
  16  1:04  Probe  
  17  1:15  Gateway  
  17  1:16  Probe  
  18  1:27  Pylon  
  18  1:29  Probe (Chrono Boost)  
  19  1:36  Cybernetics Core  
  19  1:41  Probe (Chrono Boost)  
  20  1:49  Probe (Chrono Boost)  
  21  1:56  Assimilator  
  21  1:58  Probe (Chrono Boost)  
  23  2:09  Probe (Chrono Boost)  
  23  2:15  Probe (Chrono Boost), Adept  
  26  2:19  Warp Gate (Chrono Boost)  
  26  2:21  Adept  
  28  2:27  Probe (Chrono Boost)  
  29  2:35  Probe (Chrono Boost)  
  30  2:37  Pylon  
  30  2:46  Twilight Council  
  30  3:07  Probe, Nexus  
  31  3:13  Pylon  
  31  3:19  Probe  
  33  3:35  Gateway  
  33  3:37  Gateway  
  33  3:39  Pylon  
  33  3:46  Dark Shrine  
  32  3:58  Probe  
  33  4:10  Probe  
  33  4:14  Adept x2  
  36  4:26  Probe x2 (Chrono Boost)  
  36  4:27  Shield Upgrade  
  38  4:33  Adept x2  
  38  4:36  Probe x2 (Chrono Boost)  
  44  4:43  Probe  
  45  4:53  Stalker x2  
  45  4:54  Zealot x2  
  45  4:59  Probe (Chrono Boost)  
  53  5:00  Probe (Chrono Boost)  
  51  5:09  Probe (Chrono Boost)  
  51  5:11  Probe (Chrono Boost)  
  49  5:15  Zealot x2  
  49  5:16  Probe  
  53  5:22  Probe (Chrono Boost)  
  53  5:27  Dark Templar x2  
  57  5:32  Gateway  
  57  5:34  Forge  
  58  5:36  Assimilator  
  58  5:39  Probe (Chrono Boost)  
  58  5:40  Probe (Chrono Boost)  
  55  5:48  Dark Templar x2  
  51  6:01  Assimilator  
  52  6:08  Probe (Chrono Boost)  
  52  6:09  Dark Templar  
  52  6:10  Zealot  
  56  6:12  Probe (Chrono Boost)  
  57  6:24  Zealot x2  
  61  6:30  Probe, Protoss Ground Weapons Level 1 (Chrono Boost)  
  61  6:32  Probe  
  63  6:42  Probe  
  63  6:46  Stalker x2  
  68  6:55  Pylon  
  68  7:00  Gateway  
  68  7:01  Pylon, Protoss Air Weapons Level 1  
  68  7:07  Stargate  
  68  7:09  Pylon  
  68  7:13  Probe x2  
  66  7:25  Nexus  
  66  7:26  Probe  
  66  7:28  Pylon  
  66  7:29  Stalker x2  
  71  7:30  Dark Templar, Zealot x2  
  71  7:35  Charge (Chrono Boost)  
  77  7:39  Probe  
  77  7:41  Probe  
  71  7:51  Probe  
  71  7:54  Dark Templar, Zealot x3  
  80  8:02  Photon Cannon  
  80  8:06  Pylon  
  80  8:07  Void Ray (Chrono Boost)  
  84  8:14  Gateway  
  84  8:15  Archon  
  84  8:16  Archon x2  
  84  8:20  Gateway  
  74  8:57  Stalker x3  
  74  8:58  Stalker x2, Zealot  
  90  9:10  Photon Cannon  
  90  9:16  Assimilator  
  90  9:21  Zealot x3, Assimilator  
  90  9:22  Zealot x3  
Show
View Real Time Build Order
Export as new Build Order

Ifuncorp Zerg 

Build Orders: Hatch First 

Get SALT Encoding   

  12  0:01  Drone  
  13  0:12  Overlord  
  13  0:17  Drone  
  14  0:24  Drone, Extractor  
  15  0:30  Drone  
  16  0:53  Hatchery  
  16  0:56  Drone  
  16  1:12  Drone, Spawning Pool  
  16  1:20  Drone  
  16  1:24  Drone  
  18  1:33  Drone  
  18  1:35  Drone  
  20  1:53  Hatchery, Overlord  
  19  2:03  Drone  
  19  2:07  Queen  
  22  2:14  Queen  
  24  2:16  Drone  
  25  2:24  Drone x2  
  25  2:25  Drone  
  25  2:29  Drone  
  29  2:31  Zergling x2  
  30  2:42  Drone x2  
  32  2:49  Queen  
  34  3:00  Overlord  
  33  3:13  Zergling x8  
  33  3:18  Queen  
  39  3:21  Drone x7  
  46  3:40  Overlord  
  46  3:45  Drone x2, Overlord  
  46  3:47  Drone x2  
  50  3:52  Roach Warren  
  49  4:03  Overlord  
  49  4:04  Drone  
  49  4:05  Drone x7  
  54  4:17  Zergling x6  
  54  4:18  Zergling x4  
  58  4:25  Overlord  
  58  4:27  Extractor  
  58  4:28  Extractor  
  58  4:30  Spine Crawler  
  55  4:33  Spine Crawler  
  54  4:42  Overlord  
  54  4:43  Drone x3  
  54  4:44  Drone x10  
  66  4:52  Zergling x2  
  62  5:10  Zergling x14  
  62  5:22  Queen x2  
  65  5:29  Zergling x2  
  65  5:30  Zergling x10  
  68  5:42  Zergling x6  
  56  5:58  Spore Crawler x2  
  56  6:00  Spore Crawler  
  56  6:01  Queen  
  57  6:11  Roach  
  57  6:12  Roach x4  
  65  6:25  Spore Crawler  
  61  6:29  Roach x3  
  55  6:57  Hatchery  
  55  6:58  Lair  
  54  7:07  Roach Warren, Zergling x12  
  54  7:08  Metabolic Boost, Zergling x6  
  61  7:29  Drone x3  
  61  7:33  Zergling x4  
  56  7:47  Drone  
  56  7:48  Drone x5  
  61  7:53  Drone x2  
  61  7:56  Glial Reconstitution  
  61  7:58  Overseer  
  63  8:07  Roach  
  63  8:08  Roach  
  67  8:14  Roach x2  
  67  8:15  Roach  
  67  8:18  Ravager  
  74  8:20  Drone  
  74  8:21  Drone x4  
  74  8:22  Queen  
  81  8:31  Roach x4  
  89  8:40  Roach x3  
  78  8:52  Zergling x2  
  78  8:53  Zergling x8  
  79  8:58  Queen x2  
  83  9:05  Spine Crawler  
  83  9:06  Drone x4  
  86  9:15  Ravager  
  86  9:16  Ravager  
  88  9:19  Drone x3, Extractor  
  90  9:26  Hatchery  
  90  9:27  Spine Crawler  
Tags
 
Add a new tag
Caveats
  • Supply blocks, unpowered buildings, or Contaminate may cause inaccurate times.
  • Supply counts are checked every 10 seconds.